 Dungeon Crawl Stone Soup version 0.31.0-11-ge490571c62 (webtiles) character file.

Game seed: 6117754549405549906

20477 James the Thaumaturge (level 12, -1/126 HPs)
             Began as an Oni Necromancer on Feb 9, 2024.
             Was a Believer of Kikubaaqudgha.
             Slain by an eight-headed hydra (8 damage)
             ... on level 1 of the Lair of Beasts.
             The game lasted 01:15:07 (20698 turns).

James the Thaumaturge (Oni Necromancer)            Turns: 20698, Time: 01:15:07

Health: -1/126     AC: 10    Str: 15    XL:     12   Next: 79%
Magic:  12/27      EV:  8    Int: 24    God:    Kikubaaqudgha [**....]
Gold:   1221       SH: 15    Dex:  9    Spells: 20/33 levels left

rFire   + . .        a - +2 dagger (venom)
rCold   + . .        J - +0 kite shield
rNeg    . . .        E - +1 troll leather armour
rPois   +            w - +1 hat
rElec   +            X - scarf of Oily Birdsong {rC+ rF+, rElec Int+4}
rCorr   .            (gloves unavailable)
SInv    .            (boots unavailable)
Will    +....        q - amulet of reflection
Stlth   +            r - +4 ring of protection
HPRegen 1.21/turn    P - ring of poison resistance
MPRegen 0.20/turn

%: reflection
@: no status effects
A: large, unfitting armour, horns 1, tough skin 1, double potion healing,
drunken brawling
a: Renounce Religion, Unearth Wretches


You were on level 1 of the Lair of Beasts.
You worshipped Kikubaaqudgha.
Kikubaaqudgha was pleased with you.
You visited 3 branches of the dungeon, and saw 14 of its levels.

You collected 1312 gold pieces.
You spent 91 gold pieces at shops.

Inventory:

Hand Weapons
 a - a +2 dagger of venom (weapon)
   (You took it off a kobold on level 11 of the Dungeon)
 b - a +3 trident of draining
   (You took it off Jeremiah on level 1 of the Lair of Beasts)
 z - a +0 spear of pain
   (You took it off a gnoll on level 6 of the Dungeon)
 D - a +0 sling
   (You found it on level 3 of the Dungeon)
 G - a +0 whip of electrocution
   (You took it off a kobold on level 2 of the Dungeon)
 I - a +0 spear of venom
   (You took it off a wight on level 8 of the Dungeon)
 L - a +3 short sword
   (You took it off a wight on level 6 of the Dungeon)
 N - a +4 dagger of flaming
   (You took it off an orc wizard on level 6 of the Dungeon)
 O - a +2 rapier of venom
   (You found it on level 6 of the Dungeon)
 R - a +3 rapier of protection
   (You took it off Duvessa on level 6 of the Dungeon)
 U - a +5 morningstar
   (You took it off a wight on level 9 of the Dungeon)
Missiles
 i - 32 poisoned darts
 m - 140 stones
 s - 6 curare-tipped darts (quivered) {!f}
 A - 7 boomerangs
 B - 3 datura-tipped darts
 S - 5 throwing nets {!f}
Armour
 j - a +2 robe of fire resistance
   (You took it off an orc wizard on level 11 of the Dungeon)
 w - a +1 hat (worn)
   (You found it on level 2 of the Dungeon)
 E - a +1 troll leather armour (worn)
   (You found it on level 7 of the Dungeon)
 J - a +0 kite shield (worn)
   (You took it off a gnoll sergeant on level 8 of the Dungeon)
 X - the scarf of Oily Birdsong (worn) {rC+ rF+, rElec Int+4}
   (You acquired it on level 4 of the Dungeon)

   Int+4:     It affects your intelligence (+4).
   rElec:     It insulates you from electricity.
Magical Staves
 C - a staff of air
   (You found it on level 3 of the Dungeon)
 K - a staff of cold
   (You found it on level 2 of the Lair of Beasts)
Jewellery
 o - a ring of resist corrosion
   (You found it on level 7 of the Dungeon)
 p - a ring of fire
   (You found it on level 11 of the Dungeon)
 q - an amulet of reflection (around neck)
   (You found it on level 2 of the Dungeon)
 r - a +4 ring of protection (left hand)
   (You found it on level 5 of the Dungeon)
 y - an amulet of the acrobat
   (You found it on level 2 of the Dungeon)
 P - a ring of poison resistance (right hand)
   (You found it on level 9 of the Dungeon)
 W - a ring of wizardry
   (You found it on level 9 of the Dungeon)
Wands
 e - a wand of mindburst (7)
   (You found it on level 1 of the Lair of Beasts)
 t - a wand of flame (32)
   (You took it off Dowan on level 6 of the Dungeon)
 u - a wand of paralysis (9)
   (You took it off Jeremiah on level 1 of the Lair of Beasts)
 v - a wand of digging (11)
   (You found it on level 8 of the Dungeon)
 x - a wand of acid (9)
   (You found it on level 6 of the Dungeon)
 F - a wand of roots (6)
   (You found it on level 7 of the Dungeon)
 Q - a wand of polymorph (7)
   (You found it on level 2 of the Dungeon)
Scrolls
 f - 8 scrolls of teleportation {@r4}
 h - a scroll of fog
 k - 4 scrolls of immolation {!r}
 l - a scroll of blinking
 M - 4 scrolls of fear
 V - a scroll of identify {@r1}
Potions
 c - 8 potions of curing {@q1}
 d - a potion of cancellation
 g - a potion of mutation {!q}
 n - 3 potions of haste {@q3}
 H - 2 potions of heal wounds {@q2}
 T - a potion of enlightenment
 Y - 3 potions of might
 Z - 2 potions of lignification {!q}


   Skills:
 - Level 10.0 Fighting
 + Level 6.0 Polearms
 - Level 5.0 Armour
 - Level 2.0 Dodging
 - Level 2.0 Stealth
 - Level 10.0 Shields
 - Level 11.0 Spellcasting
 - Level 10.0 Necromancy


You had 20 spell levels left.
You knew the following spells:

 Your Spells              Type           Power      Damage    Failure   Level
a - Necrotise             Necr           100%       1d9       1%          1
b - Curse of Agony        Necr           57%        N/A       6%          5
q - Vampiric Draining     Necr           57%        2d10      1%          3
u - Animate Dead          Necr           57%        N/A       1%          4

Your spell library contained the following spells:

 Spells                   Type           Power      Damage    Failure   Level
 Sublimation of Blood     Necr           57%        N/A       1%          2
 Slow                     Hex            52%        N/A       13%         1
 Mercury Vapours          Alch/Air       26%        N/A       19%         2
 Confusing Touch          Hex            13%        N/A       36%         3
 Inner Flame              Hex/Fire       13%        N/A       36%         3
 Mephitic Cloud           Conj/Alch/Air  13%        N/A       36%         3
 Sigil of Binding         Hex            13%        N/A       36%         3
 Flame Wave               Conj/Fire      13%        2d6       77%         4
 Manifold Assault         Tloc           13%        N/A       77%         4
 Sticky Flame             Fire/Alch      13%        2d5       77%         4
 Freezing Cloud           Conj/Ice/Air   6%         6-21      98%         5
 Conjure Ball Lightning   Conj/Air       6%         3x3d6     100%        6
 Dispersal                Tloc           6%         N/A       100%        6
 Haunt                    Necr/Summ      18%        N/A       100%        7
 Borgnjor's Revivificati  Necr           28%        N/A       100%        8
 Discord                  Hex            6%         N/A       100%        8
 Disjunction              Tloc           6%         N/A       100%        8
 Death's Door             Necr           28%        N/A       100%        9


Dungeon Overview and Level Annotations

Branches:
Dungeon (11/15)            Temple (1/1) D:4            Lair (2/5) D:10
    Orc (0/2) D:9
  Swamp: Lair:2-3    Shoals: Lair:2-3     Snake: Lair:2-3    Spider: Lair:2-3

Altars:
Ashenzari
Cheibriados
Dithmenos
Elyvilon
Fedhas
Gozag
Hepliaklqana
Kikubaaqudgha
Makhleb
Nemelex Xobeh
Okawaru
Qazlal
Ru
Sif Muna
Trog
Uskayaw
Vehumet
Wu Jian
Xom
Yredelemnul
Zin
The Shining One

Shops:
D:6 (   D:7 !

Portals:
Trove: D:11 (give +7 demon blade)

Annotations:
D:7 2 transporters, Mrcake's ghost, novice GrEE
D:10 1 exclusion
Temple 2 transporters
Lair:1 exclusions: downstairs and zombie
Lair:2 Amaemon; Gastronok


Innate Abilities, Weirdness & Mutations

You are too large for most types of armour.
You have a pair of small horns on your head.
You have tough skin. (AC +1)
You gain doubled healing and magic from potions.
Whenever you drink a healing potion, you attack all around you.


Message History

The eight-headed hydra bites you!
* * * LOW HITPOINT WARNING * * *
The eight-headed hydra bites you.
* * * LOW HITPOINT WARNING * * *
The eight-headed hydra bites you but does no damage.
The eight-headed hydra bites you.
* * * LOW HITPOINT WARNING * * *
The eight-headed hydra bites you but does no damage.
You block the eight-headed hydra's attack.
The eight-headed hydra barely misses you. x2
Unknown command.
You take a swig of the potion and twirl your +2 dagger of venom.
You barely miss the eight-headed hydra.
You savour every drop.
You feel much better.
You block the eight-headed hydra's attack. x3
The eight-headed hydra bites you but does no damage.
The eight-headed hydra bites you. x3; The eight-headed hydra bites you!
* * * LOW HITPOINT WARNING * * *
Unknown command.
Unknown command.
You barely miss the eight-headed hydra.
You block the eight-headed hydra's attack.
The eight-headed hydra bites you.
* * * LOW HITPOINT WARNING * * *
You block the eight-headed hydra's attack.
The eight-headed hydra bites you!
* * * LOW HITPOINT WARNING * * *
The eight-headed hydra bites you.
* * * LOW HITPOINT WARNING * * *
You block the eight-headed hydra's attack.
The eight-headed hydra bites you but does no damage.
The eight-headed hydra bites you!
* * * LOW HITPOINT WARNING * * *
Unknown command.
You hit the eight-headed hydra.
The eight-headed hydra convulses!
The eight-headed hydra is freed from its curse.
The eight-headed hydra bites you.
* * * LOW HITPOINT WARNING * * *
You block the eight-headed hydra's attack. x3
The eight-headed hydra bites you!
* * * LOW HITPOINT WARNING * * *
The eight-headed hydra bites you.
* * * LOW HITPOINT WARNING * * *
The eight-headed hydra bites you!
* * * LOW HITPOINT WARNING * * *
The eight-headed hydra bites you!
* * * LOW HITPOINT WARNING * * *
The eight-headed hydra bites you!
You die...
Kikubaaqudgha rasps: "You have failed me!
Welcome... death!"

.## ####...### ##.##.### .#
####........## #!....... .#
####............# #........
'###P##.)##.......#######........
......#Z###........#.#..#........
......#Z# #.......#.....'........
......'.# #.........#####........
......### #.....†.### #........
####### #.....@.# #........ ###
###.##D## ##.###+## Z.## ####.##
##....# #Z.# #..# ####'#### ##'##
#####.# #......# ....# ##.##.'###
###.....# ....#
#........###.'.....# ....##
####.......###..#.....#
.....####..'.......'...##.....###


You could see an eight-headed hydra (poisoned).

Vanquished Creatures
  Harold (D:10)
  A catoblepas (Lair:1)
  A two-headed ogre (D:9)
  Lodul (D:10)
  A black mamba (Lair:1)
  An unseen horror (D:11)
  Jeremiah (Lair:1)
  A komodo dragon (Lair:1)
  5 trolls
  Grinder (D:3)
  Prince Ribbit (Lair:1)
  4 blink frogs
  2 wyverns
  20 yaks
  A basilisk (Lair:1)
  2 steam dragons
  An acid dragon (D:11)
  Duvessa (D:6)
  5 water moccasins
  3 orc warriors
  2 ice beasts
  3 black bears
  A sky beast (D:7)
  8 ogres (D:10)
  9 wolves (Lair:1)
  2 phantoms
  2 kobold brigands
  4 bullfrogs
  2 gnoll sergeants
  3 scorpions (D:6)
  14 wights
  Dowan (D:6)
  9 killer bees
  5 electric eels (D:7)
  4 howler monkeys
  3 jellies
  A gnoll bouda (D:6)
  4 orc priests
  5 hounds
  3 iguanas
  A sleepcap (D:4)
  10 orc wizards
  11 gnolls
  11 adders
  2 shadow imps (D:7)
  A white imp (D:6)
  2 ufetubi (D:6)
  3 dart slugs
  A ribbon worm (D:4)
  35 orcs
  6 ball pythons
  4 bats
  10 endoplasms
  5 giant cockroaches
  8 goblins
  7 hobgoblins
  5 jackals
  25 kobolds
  3 quokkas
  5 frilled lizards
  5 rats
299 creatures vanquished.

Vanquished Creatures (collateral kills)
  A two-headed ogre (D:9)
  A boulder beetle (D:11)
  A gargoyle (D:9)
  A komodo dragon (Lair:1)
  5 blink frogs (Lair:1)
  4 yaks
  2 water moccasins (Lair:1)
  An orc warrior (D:9)
  5 wolves (Lair:1)
  A centaur (D:10)
  2 bullfrogs (Lair:1)
  A scorpion (D:10)
  A gnoll sergeant (D:8)
  4 wights
  2 jellies (D:6)
  A killer bee (D:7)
  An electric eel (Lair:1)
  3 howler monkeys (D:8)
  2 hounds
  2 sleepcaps
  An orc wizard (D:9)
  4 gnolls (D:8)
  An adder (D:6)
  A dart slug (D:1)
  5 orcs
  2 jackals
  4 kobolds
59 creatures vanquished.

Vanquished Creatures (others)
  2 human zombies
  A water moccasin zombie (Lair:1)
  A wyvern zombie (D:8)
  2 yak zombies (D:8)
  2 wolf zombies (Lair:1)
  2 bullfrog zombies
  2 scorpion zombies (D:6)
  2 killer bee zombies (D:7)
  2 ogre zombies (D:10)
  An ice beast zombie (D:6)
  A hound zombie (D:6)
  An iguana zombie (D:6)
  An adder zombie (D:6)
  An elf zombie (D:6)
  18 orc zombies
  5 gnoll zombies
  6 kobold zombies (D:9)
50 creatures vanquished.

Grand Total: 408 creatures vanquished

Notes
Turn   | Place    | Note
-------+----------+-------------------------------------------
     0 | D:1      | James the Oni Necromancer began the quest for the Orb.
     0 | D:1      | Reached XP level 1. HP: 16/16 MP: 3/3
   414 | D:1      | Reached XP level 2. HP: 26/26 MP: 3/5
   459 | D:1      | Reached skill level 1 in Fighting
   612 | D:1      | Reached skill level 3 in Spellcasting
   891 | D:1      | Reached XP level 3. HP: 33/33 MP: 7/7
   995 | D:1      | Learned a level 3 spell: Vampiric Draining
  1408 | D:2      | Found an opulent altar of Gozag.
  1408 | D:2      | Found a stormy altar of Qazlal.
  1408 | D:2      | Found a shimmering altar of Xom.
  1408 | D:2      | Found a broken altar of Ashenzari.
  1408 | D:2      | Found a white marble altar of Elyvilon.
  1408 | D:2      | Found a shimmering altar of Xom.
  1419 | D:2      | Reached XP level 4. HP: 8/42 MP: 4/9
  1652 | D:2      | Reached skill level 4 in Spellcasting
  1698 | D:2      | Learned a level 4 spell: Animate Dead
  1839 | D:2      | Reached XP level 5. HP: 36/50 MP: 5/11
  2185 | D:2      | Found a faded altar of an unknown god.
  2736 | D:3      | Noticed Grinder
  3151 | D:3      | Reached skill level 5 in Spellcasting
  3685 | D:4      | Reached XP level 6. HP: 60/61 MP: 13/13
  3731 | D:4      | Identified a scroll of acquirement
  3731 | D:4      | Acquired the scarf of Oily Birdsong {rC+ rF+, rElec Int+4}
  4314 | D:4      | Found a burning altar of Makhleb.
  4477 | D:4      | Found a staircase to the Ecumenical Temple.
  4484 | Temple   | Found a transporter.
  4484 | Temple   | Found a transporter.
  4484 | Temple   | Found a transporter.
  4484 | Temple   | Found a transporter.
  4484 | Temple   | Entered the Ecumenical Temple
  4615 | D:5      | Entered Level 5 of the Dungeon
  4822 | D:5      | Reached XP level 7. HP: 48/70 MP: 15/15
  5192 | D:3      | Reached skill level 6 in Spellcasting
  5401 | D:5      | Found a shimmering blue altar of Sif Muna.
  5403 | D:5      | Found a shadowy altar of Dithmenos.
  5484 | D:5      | Noticed a steam dragon
  5494 | D:5      | Killed a steam dragon
  5495 | D:5      | Reached skill level 5 in Fighting
  5495 | D:5      | Reached skill level 5 in Necromancy
  5913 | D:6      | Reached skill level 7 in Spellcasting
  5992 | D:6      | Found Werchium's Antique Weapon Shoppe.
  6068 | D:6      | Reached XP level 8. HP: 77/81 MP: 11/18
  6405 | D:6      | Reached skill level 8 in Spellcasting
  6668 | D:6      | Noticed Duvessa
  6668 | D:6      | Noticed Dowan
  6676 | D:6      | Killed Duvessa
  6677 | D:6      | Reached skill level 9 in Spellcasting
  6677 | D:6      | Reached XP level 9. HP: 93/93 MP: 17/22
  6684 | D:6      | Killed Dowan
  6856 | D:6      | Your ally Dowan died
  7041 | D:6      | Learned a level 5 spell: Curse of Agony
  7653 | D:7      | Found a transporter.
  7654 | D:7      | Noticed Mrcake's ghost (novice GrEE)
  7717 | D:7      | Found a transporter.
  7887 | D:7      | Noticed a troll
  7888 | D:7      | Noticed a troll
  8014 | D:7      | Found a transporter.
  8016 | D:7      | Found Regexti's Distillery.
  8018 | D:7      | Found a transporter.
  8023 | D:7      | Bought a potion of might for 52 gold pieces
  8023 | D:7      | Bought a potion of lignification for 39 gold pieces
  8162 | D:7      | Reached skill level 10 in Spellcasting
  8304 | D:7      | Killed a troll
  8961 | D:7      | Found a transporter.
  8990 | D:7      | Found a transporter.
  9049 | D:7      | Found a transporter.
  9051 | D:7      | Found Regexti's Distillery.
  9312 | D:7      | Killed a troll
  9411 | D:7      | Found a transporter.
  9856 | D:7      | Reached XP level 10. HP: 106/106 MP: 24/24
  9957 | D:8      | Reached skill level 1 in Armour
 10438 | D:8      | Reached skill level 11 in Spellcasting
 10766 | D:8      | Found a sparkling altar of Nemelex Xobeh.
 11851 | D:6      | Found Werchium's Antique Weapon Shoppe.
 12349 | D:3      | Killed Grinder
 13111 | D:9      | Noticed a two-headed ogre
 13119 | D:9      | Killed a two-headed ogre
 13120 | D:9      | Reached skill level 10 in Necromancy
 13254 | D:9      | Reached XP level 11. HP: 115/115 MP: 26/26
 13312 | D:9      | Found a staircase to the Orcish Mines.
 13717 | D:9      | Found an ancient bone altar of Kikubaaqudgha.
 13938 | D:9      | Reached skill level 5 in Shields
 14092 | D:9      | Became a worshipper of Kikubaaqudgha
 14598 | D:9      | Found a staircase to the Orcish Mines.
 14779 | D:9      | Found an ancient bone altar of Kikubaaqudgha.
 15366 | D:10     | Entered Level 10 of the Dungeon
 15367 | D:10     | Noticed a two-headed ogre
 15480 | D:10     | Noticed Harold
 15488 | D:10     | Killed Harold
 15532 | D:10     | Your ally Harold died
 15607 | D:9      | Killed a two-headed ogre
 15959 | D:10     | Found a staircase to the Lair.
 16142 | D:10     | Noticed Lodul
 16207 | D:10     | Killed Lodul
 16428 | D:10     | Noticed a two-headed ogre
 16659 | D:11     | Found a portal to a secret trove of treasure.
 16869 | D:11     | Found a transporter.
 16873 | D:11     | Found a transporter.
 16875 | D:11     | Found a transporter.
 16980 | D:11     | Reached * piety under Kikubaaqudgha
 16980 | D:11     | Received a gift from Kikubaaqudgha
 17321 | D:11     | Found a transporter.
 17559 | D:11     | Noticed a boulder beetle
 17576 | D:11     | Killed a boulder beetle
 17577 | D:11     | Reached XP level 12. HP: 120/123 MP: 15/27
 17941 | D:10     | Found a staircase to the Lair.
 18406 | Lair:1   | Entered Level 1 of the Lair of Beasts
 18570 | Lair:1   | Reached skill level 10 in Shields
 18701 | Lair:1   | Noticed a catoblepas
 19011 | Lair:1   | Killed a catoblepas
 19205 | Lair:1   | Noticed Prince Ribbit
 19206 | Lair:1   | Noticed Jeremiah
 19249 | Lair:1   | Killed Prince Ribbit
 19262 | Lair:1   | Reached skill level 5 in Armour
 19279 | Lair:1   | Killed Jeremiah
 19307 | Lair:1   | Reached ** piety under Kikubaaqudgha
 19315 | Lair:1   | Your ally Prince Ribbit died
 19335 | Lair:1   | Reached skill level 10 in Fighting
 19456 | Lair:1   | Reached skill level 1 in Polearms
 20060 | Lair:2   | Noticed an eight-headed hydra
 20133 | Lair:2   | Noticed Gastronok
 20335 | Lair:2   | Noticed Amaemon
 20505 | Lair:1   | Reached skill level 5 in Polearms
 20698 | Lair:1   | Slain by an eight-headed hydra

Illustrated notes

Levels and vault maps discovered:
D:1:      hellmonk_arrival_library, layout_loops_corners
D:2:      cheibrodos_fertilizer, layout_basic, chequers_ecumenical_altar_twisty,
          minmay_hexomino_c4
D:3:      layout_basic, uniq_grinder
D:4:      nicolae_BIG_FREAKIN_CUBE, layout_cave_pools, makhleb_heckhound_becter,
          minmay_temple_entry_nine_rooms
D:5:      layout_loops_ring, gammafunk_temple_overflow_statue
D:6:      minmay_polygon_palace, layout_basic, serial_shops,
          nicolae_shop_peninsula, nrook_loot_triangle, uniq_duvessa
D:7:      kennysheep_big_flooded_room, layout_basic, serial_shops,
          nicolae_shop_drivethru, gammafunk_ghost_stat_death,
          hangedman_abyss_or_decor_jellyfish_corner
D:8:      layout_loops_corners, amcnicky_altar_gilded
D:9:      layout_grid_maze, lemuel_tele_altar, david_orc_2
D:10:     minmay_the_grid_triangle_9x9_rhombus_thin_mashed
          [minmay_the_grid_triangle_9x9_sprig,
          minmay_the_grid_triangle_9x9_prize_center,
          minmay_the_grid_triangle_9x9_from_above,
          minmay_the_grid_triangle_9x9_zippers_vertical], layout_loops_ring,
          grunt_lair_entry_orc_guard_hut, uniq_harold, uniq_lodul
D:11:     layout_grid_maze, enter_trove_2, nicolae_transporter_circle
Temple:   hellmonk_temple_divided_pantheon
Lair:1:   layout_roguey, serial_bayou_shore_a, uniq_prince_ribbit2,
          uniq_jeremiah
Lair:2:   layout_gridlike, hellmonk_spider_entry_not_the_bees,
          infiniplex_staircase_pool_2, uniq_amaemon, uniq_gastronok

Skill      XL: |  1  2  3  4  5  6  7  8  9 10 11 12 |
---------------+-------------------------------------+-----
Fighting       | 1 2 3 4 5 7 8 9 10 | 10.0
Spellcasting   | 3 4 5 7 9 10 11 | 11.0
Necromancy     | 4 5 6 7 10 | 10.0
Dodging        | 2 |  2.0
Armour         | 2 5 |  5.0
Stealth        | 2 |  2.0
Shields        | 3 9 10 | 10.0
Polearms       | 6 |  6.0

Action                     |  1- 3 |  4- 6 |  7- 9 | 10-12 || total
---------------------------+-------+-------+-------+-------++-------
  Melee: Dagger            |    64 |   209 |   120 |   679 ||  1072
         Headbutt          |     9 |    36 |    34 |   167 ||   246
         Punch             |     1 |     3 |     3 |     1 ||     8
         Spear             |       |       |   121 |    19 ||   140
  Throw: Dart              |       |     2 |       |       ||     2
   Cast: Necrotise         |    23 |    37 |    11 |     7 ||    78
         Vampiric Draining |     2 |    18 |    51 |   140 ||   211
         Animate Dead      |       |     3 |     8 |    16 ||    27
         Curse of Agony    |       |       |       |     8 ||     8
  Evoke: Wand              |       |       |     5 |     1 ||     6
    Use: Potion            |     1 |       |       |     2 ||     3
         Scroll            |       |     9 |     2 |    11 ||    22
   Stab: Sleeping          |     1 |     2 |     3 |     3 ||     9
         Distracted        |       |     1 |     3 |     3 ||     7
 Armour: Robe              |    40 |   131 |   219 |       ||   390
         Troll leather arm |       |       |    23 |   704 ||   727
  Dodge: Dodged            |    23 |    99 |   164 |   298 ||   584
  Block: Kite shield       |       |       |       |   605 ||   605
